MWL (24 & UNDER)
BARRY'S BAY ORIOLES @ WISCONSIN RAPIDS RANGERS
08/14/2026
 
TOP OF THE 1ST
Barry's Bay Orioles batting - Pitching for Wisconsin Rapids Rangers : RHP Jack Hampton
Pitching: RHP Jack Hampton
Batting: RHB Jason Ward 0-0: Ball
1-0: Fly out, F7 (Flyball, 7M)
Batting: LHB Carlos Romero 0-0: Foul Ball, location: 2F
0-1: Ground out 2-3 (Groundball, 23)
Batting: RHB Sergio Solíz 0-0: Ball
1-0: Ball
2-0: Ball
3-0: Base on Balls
Batting: LHB Howard Evans 0-0: Called Strike
0-1: Ball
1-1: Ball
Sergio Solíz steals 2nd base
2-1: Foul Ball, location: 2F
2-2: Foul Ball, location: 2F
2-2: Foul Ball, location: 2F
2-2: SINGLE (Groundball, 34D)
Sergio Solíz to third
Runner from 3rd tries for Home, throw and OUT!
Top of the 1st over - 0 run(s), 1 hit(s), 0 error(s), 1 left on base; Barry's Bay 0 - Wisconsin Rapids 0
BOTTOM OF THE 1ST
Wisconsin Rapids Rangers batting - Pitching for Barry's Bay Orioles : RHP José Padilla
Pitching: RHP José Padilla
Batting: RHB Aurelio Cruz 0-0: Ball
1-0: Fly out, F8 (Flyball, 8RM)
Batting: RHB Andrés Bustamante 0-0: Ground out 6-3 (Groundball, 56)
Batting: RHB Luis Garza 0-0: Ball
1-0: Fly out, F9 (Flyball, 9S)
Bottom of the 1st over - 0 run(s), 0 hit(s), 0 error(s), 0 left on base; Barry's Bay 0 - Wisconsin Rapids 0
TOP OF THE 2ND
Barry's Bay Orioles batting - Pitching for Wisconsin Rapids Rangers : RHP Jack Hampton
Batting: RHB James Tucker 0-0: Ball
1-0: Ball
2-0: Called Strike
2-1: Foul Ball, location: 2F
2-2: Foul Ball, location: 2F
2-2: Ball
3-2: Foul Ball, location: 2F
3-2: Foul Ball, location: 2F
3-2: Foul Ball, location: 2F
3-2: Base on Balls
Batting: LHB José Rodríguez 0-0: Foul Ball, location: 2F
0-1: Ball
1-1: Ball
2-1: Ball
3-1: Called Strike
3-2: Strikes out swinging
Batting: RHB Jesús Villalobos 0-0: Ball
James Tucker is caught stealing 2nd base
1-0: Ball
2-0: Called Strike
2-1: Foul Ball, location: 2F
2-2: Ball
3-2: Foul Ball, location: 2F
3-2: Strikes out swinging
Top of the 2nd over - 0 run(s), 0 hit(s), 0 error(s), 0 left on base; Barry's Bay 0 - Wisconsin Rapids 0
BOTTOM OF THE 2ND
Wisconsin Rapids Rangers batting - Pitching for Barry's Bay Orioles : RHP José Padilla
Batting: LHB Luis Rodríguez 0-0: SINGLE (Line Drive, 8LS)
Batting: SHB Forest Cruz 0-0: Foul Ball, location: 2F
0-1: Called Strike
0-2: Ball
1-2: Foul Ball, location: 2F
1-2: Strikes out swinging
Batting: RHB Jesús Silva 0-0: SINGLE (Flyball, 9LS)
Luis Rodríguez to second
Batting: RHB Pedro Ramírez 0-0: Ball
1-0: Called Strike
1-1: Swinging Strike
1-2: Strikes out swinging
Batting: RHB Salvador Vázquez 0-0: Foul Ball, location: 2F
0-1: Called Strike
0-2: Ball
1-2: Foul Ball, location: 2F
1-2: Strikes out swinging
Bottom of the 2nd over - 0 run(s), 2 hit(s), 0 error(s), 2 left on base; Barry's Bay 0 - Wisconsin Rapids 0
TOP OF THE 3RD
Barry's Bay Orioles batting - Pitching for Wisconsin Rapids Rangers : RHP Jack Hampton
Batting: RHB Curt Wagner 0-0: Ball
1-0: Called Strike
1-1: Ball
2-1: Swinging Strike
2-2: Ball
3-2: Base on Balls
Batting: RHB Guy Morrison 0-0: SINGLE (Groundball, 4MD)
Curt Wagner to second
Runner from 2nd tries for 3rd, SAFE, no throw or cutoff
Batting: RHB Jason Ward 0-0: Called Strike
0-1: Ball
1-1: Ball
2-1: Called Strike
2-2: Ball
3-2: Base on Balls
Guy Morrison to second
Batting: LHB Carlos Romero 0-0: Foul Ball, location: 2F
0-1: Foul Ball, location: 2F
0-2: Ball
1-2: Ball
2-2: Strikes out looking
Batting: RHB Sergio Solíz 0-0: Ball
1-0: Fly out, F8 (Line Drive, 8RM)
Runner from 3rd tags up, SCORES, throw made
Batting: LHB Howard Evans 0-0: Called Strike
0-1: Ball
1-1: 3-RUN HOME RUN (Flyball, 78D), Distance : 363 ft
Batting: RHB James Tucker 0-0: Called Strike
0-1: Ball
1-1: DOUBLE (Line Drive, 7LD)
Batting: LHB José Rodríguez 0-0: Ball
1-0: Ball
2-0: Called Strike
2-1: Ball
3-1: Called Strike
3-2: Strikes out looking
Top of the 3rd over - 4 run(s), 3 hit(s), 0 error(s), 1 left on base; Barry's Bay 4 - Wisconsin Rapids 0
BOTTOM OF THE 3RD
Wisconsin Rapids Rangers batting - Pitching for Barry's Bay Orioles : RHP José Padilla
Batting: RHB Jesús Santos 0-0: Ball
1-0: Fly out, F7 (Line Drive, 7LD)
Batting: RHB Aurelio Cruz 0-0: Called Strike
0-1: Ball
1-1: Ball
2-1: Foul Ball, location: 2F
2-2: Strikes out swinging
Batting: RHB Andrés Bustamante 0-0: Ball
1-0: Ball
2-0: DOUBLE (Flyball, 8RXD)
Batting: RHB Luis Garza 0-0: Ball
1-0: Ground out 3-1 (Groundball, 34)
Bottom of the 3rd over - 0 run(s), 1 hit(s), 0 error(s), 1 left on base; Barry's Bay 4 - Wisconsin Rapids 0
TOP OF THE 4TH
Barry's Bay Orioles batting - Pitching for Wisconsin Rapids Rangers : RHP Jack Hampton
Batting: RHB Jesús Villalobos 0-0: Ball
1-0: Ball
2-0: Called Strike
2-1: Ball
3-1: Fly out, F6 (Popup, 6D)
Batting: RHB Curt Wagner 0-0: Ball
1-0: Called Strike
1-1: Foul Ball, location: 2F
1-2: Strikes out swinging
Batting: RHB Guy Morrison 0-0: Ball
1-0: Swinging Strike
1-1: SINGLE (Line Drive, 56)
Pitching: RHP Jesús Martínez
Batting: RHB Jason Ward 0-0: Ball
1-0: Foul Ball, location: 2F
1-1: Foul Ball, location: 2F
1-2: Ball
2-2: Foul Ball, location: 2F
2-2: Strikes out swinging
Top of the 4th over - 0 run(s), 1 hit(s), 0 error(s), 1 left on base; Barry's Bay 4 - Wisconsin Rapids 0
BOTTOM OF THE 4TH
Wisconsin Rapids Rangers batting - Pitching for Barry's Bay Orioles : RHP José Padilla
Batting: LHB Luis Rodríguez 0-0: Called Strike
0-1: Foul Ball, location: 2F
0-2: SINGLE (Line Drive, 89S)
Batting: SHB Forest Cruz 0-0: Ball
1-0: Ball
2-0: Called Strike
2-1: Foul Ball, location: 2F
2-2: Strikes out swinging
Batting: RHB Jesús Silva 0-0: Called Strike
0-1: Fly out, F8 (Flyball, 8RM)
Batting: RHB Pedro Ramírez 0-0: Ball
1-0: Ball
2-0: Ball
3-0: Called Strike
3-1: Foul Ball, location: 2F
3-2: Base on Balls
Luis Rodríguez to second
Batting: RHB Salvador Vázquez 0-0: Foul Ball, location: 2F
0-1: Ball
1-1: Ball
2-1: Ball
3-1: Base on Balls
Luis Rodríguez to third
Pedro Ramírez to second
Batting: RHB Jesús Santos 0-0: Ball
1-0: Ground out 1-3 (Groundball, 13)
Bottom of the 4th over - 0 run(s), 1 hit(s), 0 error(s), 3 left on base; Barry's Bay 4 - Wisconsin Rapids 0
TOP OF THE 5TH
Barry's Bay Orioles batting - Pitching for Wisconsin Rapids Rangers : RHP Jesús Martínez
Batting: LHB Carlos Romero 0-0: Foul Ball, location: 2F
0-1: Ball
1-1: Ball
2-1: Fly out, F8 (Flyball, 8RM)
Batting: RHB Sergio Solíz 0-0: Ball
1-0: Foul Ball, location: 2F
1-1: Ground out 1-3 (Groundball, 15)
Pitching: LHP Luis Cota
Batting: LHB Howard Evans 0-0: Ball
1-0: Called Strike
1-1: Ball
2-1: Ball
3-1: Foul Ball, location: 2F
3-2: Base on Balls
Batting: RHB James Tucker 0-0: Called Strike
0-1: Foul Ball, location: 2F
0-2: Foul Ball, location: 2F
0-2: Ball
1-2: Strikes out swinging
Top of the 5th over - 0 run(s), 0 hit(s), 0 error(s), 1 left on base; Barry's Bay 4 - Wisconsin Rapids 0
BOTTOM OF THE 5TH
Wisconsin Rapids Rangers batting - Pitching for Barry's Bay Orioles : RHP José Padilla
Batting: RHB Aurelio Cruz 0-0: Ball
1-0: Ground out 4-3 (Groundball, 4)
Batting: RHB Andrés Bustamante 0-0: Ball
1-0: Ball
2-0: Ball
3-0: Called Strike
3-1: Swinging Strike
3-2: Ground out 6-3 (Groundball, 6)
Batting: RHB Luis Garza 0-0: Called Strike
0-1: Ground out 4-3 (Groundball, 4)
Bottom of the 5th over - 0 run(s), 0 hit(s), 0 error(s), 0 left on base; Barry's Bay 4 - Wisconsin Rapids 0
TOP OF THE 6TH
Barry's Bay Orioles batting - Pitching for Wisconsin Rapids Rangers : LHP Luis Cota
Batting: LHB José Rodríguez 0-0: Ball
1-0: Ball
2-0: Swinging Strike
2-1: Called Strike
2-2: Ball
3-2: Strikes out swinging
Batting: RHB Jesús Villalobos 0-0: Foul Ball, location: 2F
0-1: Swinging Strike
0-2: Ball
1-2: Ball
2-2: Strikes out swinging
Batting: RHB Curt Wagner 0-0: SINGLE (Groundball, 56)
Batting: RHB Guy Morrison 0-0: Fielders Choice at 2nd, 6-4 (Groundball, 6)
Top of the 6th over - 0 run(s), 1 hit(s), 0 error(s), 0 left on base; Barry's Bay 4 - Wisconsin Rapids 0
BOTTOM OF THE 6TH
Wisconsin Rapids Rangers batting - Pitching for Barry's Bay Orioles : RHP José Padilla
Batting: LHB Luis Rodríguez 0-0: Ball
1-0: Foul Ball, location: 2F
1-1: Swinging Strike
1-2: Ball
2-2: Ball
3-2: Strikes out swinging, 2-3 out at first.
Batting: SHB Forest Cruz 0-0: Ball
1-0: Foul Ball, location: 2F
1-1: Ball
2-1: Foul Ball, location: 2F
2-2: Ground out 6-3 (Groundball, 6)
Batting: RHB Jesús Silva 0-0: Ball
1-0: Ball
2-0: Ball
3-0: Base on Balls
Batting: RHB Pedro Ramírez 0-0: Fly out, F4 (Popup, 4D)
Bottom of the 6th over - 0 run(s), 0 hit(s), 0 error(s), 1 left on base; Barry's Bay 4 - Wisconsin Rapids 0
TOP OF THE 7TH
Barry's Bay Orioles batting - Pitching for Wisconsin Rapids Rangers : LHP Luis Cota
Batting: RHB Jason Ward 0-0: Called Strike
0-1: Foul Ball, location: 2F
0-2: Ball
1-2: Ball
2-2: Strikes out swinging
Batting: LHB Carlos Romero 0-0: Ball
1-0: Foul Ball, location: 2F
1-1: Ball
2-1: Ground out 4-3 (Groundball, 4)
Batting: RHB Sergio Solíz 0-0: Called Strike
0-1: SINGLE (Line Drive, 5D)
Batting: LHB Howard Evans 0-0: Called Strike
0-1: Called Strike
0-2: Strikes out looking
Top of the 7th over - 0 run(s), 1 hit(s), 0 error(s), 1 left on base; Barry's Bay 4 - Wisconsin Rapids 0
BOTTOM OF THE 7TH
Wisconsin Rapids Rangers batting - Pitching for Barry's Bay Orioles : RHP José Padilla
Batting: RHB Salvador Vázquez 0-0: Ball
1-0: Ball
2-0: Ball
3-0: Called Strike
3-1: Foul Ball, location: 2F
3-2: Foul Ball, location: 2F
3-2: Ground out 1-3 (Groundball, 3S)
Pitching: RHP Henry Carroll
Batting: RHB Jesús Santos 0-0: Foul Ball, location: 2F
0-1: Foul Ball, location: 2F
0-2: Ball
1-2: Foul Ball, location: 2F
1-2: Foul Ball, location: 2F
1-2: Foul Ball, location: 2F
1-2: Ball
2-2: Ball
3-2: Foul Ball, location: 2F
3-2: Foul Ball, location: 2F
3-2: Ground out 5-3 (Groundball, 5S)
Batting: RHB Aurelio Cruz 0-0: Fly out, F9 (Flyball, 89M)
Bottom of the 7th over - 0 run(s), 0 hit(s), 0 error(s), 0 left on base; Barry's Bay 4 - Wisconsin Rapids 0
TOP OF THE 8TH
Barry's Bay Orioles batting - Pitching for Wisconsin Rapids Rangers : LHP Luis Cota
Batting: RHB James Tucker 0-0: Swinging Strike
0-1: Called Strike
0-2: Ball
1-2: Ball
2-2: Strikes out swinging
Batting: LHB José Rodríguez 0-0: Ball
1-0: Foul Ball, location: 2F
1-1: Ground out 3-1 (Groundball, 34S)
Pitching: RHP Juan Contreras
Batting: RHB Jesús Villalobos 0-0: Ball
1-0: Ball
2-0: SINGLE (Flyball, 3D) - OUT at second base trying to stretch hit.
Top of the 8th over - 0 run(s), 1 hit(s), 0 error(s), 0 left on base; Barry's Bay 4 - Wisconsin Rapids 0
BOTTOM OF THE 8TH
Wisconsin Rapids Rangers batting - Pitching for Barry's Bay Orioles : RHP Henry Carroll
Batting: RHB Andrés Bustamante 0-0: Ball
1-0: Foul Ball, location: 2F
1-1: SINGLE (Groundball, 56)
Batting: RHB Luis Garza 0-0: Called Strike
0-1: Ball
1-1: Swinging Strike
1-2: Strikes out swinging
Batting: LHB Luis Rodríguez 0-0: Called Strike
0-1: Foul Ball, location: 2F
0-2: Foul Ball, location: 2F
0-2: Strikes out looking
Batting: SHB Forest Cruz 0-0: Ball
1-0: Foul Ball, location: 2F
1-1: Ground out 4-3 (Groundball, 4)
Bottom of the 8th over - 0 run(s), 1 hit(s), 0 error(s), 1 left on base; Barry's Bay 4 - Wisconsin Rapids 0
TOP OF THE 9TH
Barry's Bay Orioles batting - Pitching for Wisconsin Rapids Rangers : RHP Juan Contreras
Batting: RHB Curt Wagner 0-0: Ball
1-0: Called Strike
1-1: Ball
2-1: Ball
3-1: Foul Ball, location: 2F
3-2: Fly out, F5 (Popup, 56S)
Batting: RHB Guy Morrison 0-0: Ball
1-0: Ball
2-0: SINGLE (Line Drive, 4)
Batting: RHB Jason Ward 0-0: Fly out, F5 (Popup, 5F)
Batting: LHB Carlos Romero 0-0: Ball
1-0: Called Strike
1-1: Foul Ball, location: 2F
1-2: Ball
2-2: Strikes out swinging
Top of the 9th over - 0 run(s), 1 hit(s), 0 error(s), 1 left on base; Barry's Bay 4 - Wisconsin Rapids 0
BOTTOM OF THE 9TH
Wisconsin Rapids Rangers batting - Pitching for Barry's Bay Orioles : RHP Henry Carroll
Pitching: RHP Artie Hall
Batting: RHB Jesús Silva 0-0: Fly out, F7 (Flyball, 78M)
Batting: RHB Pedro Ramírez 0-0: Called Strike
0-1: Bunted foul
0-2: Ball
1-2: SINGLE (Groundball, 6MD) (infield hit)
Batting: RHB Salvador Vázquez 0-0: Foul Ball, location: 2F
0-1: Ball
1-1: Swinging Strike
1-2: Fielders Choice at 2nd, 1-6 (Groundball, 25)
Batting: RHB Jesús Santos 0-0: Swinging Strike
0-1: Ball
1-1: Swinging Strike
1-2: Ball
2-2: Ball
3-2: Strikes out swinging
Bottom of the 9th over - 0 run(s), 1 hit(s), 0 error(s), 1 left on base; Barry's Bay 4 - Wisconsin Rapids 0
Monday, December 5th, 2016 - OOTP Baseball 17.12 Build 75